 Dungeon Crawl Stone Soup version 0.22-a0-352-gc608dd7 (webtiles) character file.

1378 Serpenta the Cutter (level 8, -2/62 HPs)
             Began as a Mummy Chaos Knight on Apr 13, 2018.
             Killed by divine providence
             ... invoked by an orc priest
              (11 damage)
             ... on level 7 of the Dungeon on Apr 14, 2018.
             The game lasted 00:13:40 (6984 turns).

Serpenta the Cutter (Mummy Chaos Knight)            Turns: 6984, Time: 00:13:40

Health: -2/62      AC:  7    Str: 19    XL:     8   Next: 39%
Magic:  8/8        EV: 11    Int: 11    God:    Xom [.*....]
Gold:   304        SH:  0    Dex: 13    Spells: 5/7 levels left

rFire    x . .     SeeInvis .   q - +3 dagger (flame)
rCold    + . .     Gourm    .   (no shield)
rNeg     + + +     Faith    .   b - +2 leather armour
rPois    ∞         Spirit   .   h - +0 helmet
rElec    .         Reflect  .   j - +0 cloak
rCorr    .         Harm     .   (no gloves)
MR       +....                  (no boots)
Stlth    +++.......             (no amulet)
HPRegen  0.20/turn              c - +3 ring of strength
MPRegen  0.11/turn              f - ring of wizardry

@: no status effects
A: no food or potions, fire vulnerability, cold resistance 1, negative energy
resistance 3, torment resistance, unbreathing
a: Renounce Religion


You were on level 7 of the Dungeon.
You worshipped Xom.
You were a plaything of Xom.
You were not hungry.

You visited 1 branch of the dungeon, and saw 7 of its levels.

You collected 304 gold pieces.


Innate Abilities, Weirdness & Mutations

You do not eat or drink.
Your flesh is vulnerable to fire.
You are immune to poison.
Your flesh is cold resistant. (rC+)
You are immune to negative energy. (rN+++)
You are immune to unholy pain and torment.
You can survive without breathing.


   Skills:
 + Level 5.3 Fighting
 - Level 6.0 Short Blades
 - Level 1.5 Armour
 - Level 0.7 Dodging
 + Level 5.8 Stealth


You had 5 spell levels left.
You knew the following spells:

 Your Spells              Type           Power        Failure   Level  Hunger
b - Blink                 Tloc           N/A          26%         2    N/A

Action                   |  1- 3 |  4- 6 |  7- 9 || total
-------------------------+-------+-------+-------++-------
Melee: Short sword       |   174 |   101 |       ||   275
       Dagger            |       |   170 |   206 ||   376
 Fire: Blowgun           |       |       |     2 ||     2
Throw: Throwing net      |       |       |     1 ||     1
Evoke: Wand              |       |     2 |       ||     2
  Use: Scroll            |       |     9 |     5 ||    14
 Stab: Sleeping          |     1 |     3 |     3 ||     7
       Distracted        |       |     1 |       ||     1
       Confused          |       |       |     2 ||     2
Armor: Leather armour    |    81 |    63 |    59 ||   203
Dodge: Dodged            |   122 |   115 |    75 ||   312

Inventory:

Hand Weapons
 a - a +0 short sword of chaos
 k - a +0 blowgun
 q - a +3 dagger of flaming (weapon)
Missiles
 l - 5 curare-tipped needles
Armour
 b - a +2 leather armour (worn)
 h - a +0 helmet (worn)
 j - a +0 cloak (worn)
Jewellery
 c - a +3 ring of strength (left hand)
 f - a ring of wizardry (right hand)
Scrolls
 d - a scroll of blinking
 e - 2 scrolls of fear
 i - 2 scrolls of teleportation
 m - 5 scrolls of remove curse
 n - 2 scrolls of amnesia
 o - a scroll of enchant armour
 p - 3 scrolls of identify
 s - 3 scrolls of magic mapping

####### ##########.##..#
####..............#
#.............#...#
#.####.####.#.###.#####
#.##.o...##.#..........
#.#..)@)..#..####.#####
##.#....o..#............
#......_.....#.....#####
##########..#.......#.......#....
............#.......#...>).......
##########..##.....##.......#.###
....#######.####.####.#.....#.#
......................#..<#.#.#
....###.....###...... #.###.#.#


You could see an orc priest and an orc.

Vanquished Creatures
  Prince Ribbit (D:7)
  A phantom (D:6)
  3 ice beasts
  A boggart (D:5)
  A bullfrog (D:6)
  A scorpion (D:4)
  A crimson imp (D:5)
  A bullfrog skeleton (D:5)
  A bullfrog zombie (D:7)
  2 hounds
  An orc priest (D:6)
  An orc wizard (D:7)
  A centaur skeleton (D:4)
  3 iguanas
  3 worker ants
  A hound zombie (D:6)
  4 gnolls
  3 adders (D:2)
  4 oozes
  An adder zombie (D:7)
  2 adder skeletons
  A worm (D:3)
  4 dart slugs
  A leopard gecko (D:5)
  7 orcs
  9 bats
  A giant cockroach (D:6)
  11 goblins
  9 hobgoblins
  13 jackals
  14 kobolds
  4 quokkas
  3 ball pythons
  5 frilled lizards
  A goblin skeleton (D:3)
  A kobold skeleton (D:3)
  10 rats
131 creatures vanquished.

Vault maps used:
D:1:      doesnt_arrival_eight_statues
D:2:      first_ration, chequers_ecumenical_altar_simple_redux
D:3:      overflow_temple_1_default, dk_yredelemnul_ordeal
D:5:      kennysheep_mini, uniq_edmund
D:6:      minmay_temple_entry_nine_rooms
D:7:      old_standard_altar, old_standard_altar, xom_teletrap_fun,
          uniq_prince_ribbit1


Message History

The orc wizard closely misses you.
You closely miss the orc wizard.
The orc wizard is almost dead.
The orc zaps a wand.
You are blasted!
You barely miss the orc wizard.
The orc wizard is almost dead.
The orc wizard misses you. The orc closely misses you.
You hit the orc wizard. You burn the orc wizard.
You kill the orc wizard!
The orc priest hits you with a hand axe.
You hit the orc priest but do no damage.
The orc zaps a wand.
You are blasted!
* * * LOW HITPOINT WARNING * * *
The orc priest begins to cast a cantrip, but forgets the words!
You barely miss the orc priest. The orc hits you but does no damage.
You hit the orc priest. You burn the orc priest.
The orc priest is heavily wounded.
The orc priest invokes the aid of Beogh against you.
Beogh smites you!
You die...

Notes
Turn   | Place    | Note
-------+----------+-------------------------------------------
     0 | D:1      | Serpenta the Mummy Chaos Knight began the quest for the Orb.
     0 | D:1      | Reached XP level 1. HP: 18/18 MP: 1/1
   238 | D:1      | Reached XP level 2. HP: 22/24 MP: 2/2
   251 | D:1      | Reached skill level 3 in Short Blades
   685 | D:1      | Reached XP level 3. HP: 29/29 MP: 3/3
   953 | D:2      | Found a faded altar of an unknown god.
  1351 | D:2      | Reached skill level 4 in Short Blades
  1361 | D:2      | Reached XP level 4. HP: 35/35 MP: 4/4
  1531 | D:2      | XOM: silly message
  1941 | D:3      | XOM: potion effect (agility)
  1968 | D:2      | XOM: harmless Air miscast
  2012 | D:3      | Found a runed door.
  2012 | D:3      | Noticed a human
  2014 | D:3      | Found a basalt altar of Yredelemnul.
  2194 | D:3      | Found a blossoming altar of Fedhas.
  2278 | D:3      | XOM: harmless Fire miscast
  2312 | D:3      | XOM: noise
  2485 | D:3      | XOM: harmless Tloc miscast
  2621 | D:4      | XOM: 2-stop teleportation journey
  2628 | D:4      | Reached XP level 5. HP: 37/41 MP: 5/5
  2685 | D:4      | Reached skill level 5 in Short Blades
  3080 | D:4      | XOM: medium Ice miscast
  3264 | D:5      | Entered Level 5 of the Dungeon
  3267 | D:5      | Noticed an ice beast
  3270 | D:5      | XOM: 3-stop teleportation journey
  3286 | D:5      | Reached XP level 6. HP: 43/47 MP: 6/6
  3333 | D:5      | Found a shattered altar of Ashenzari.
  3371 | D:5      | XOM: swap monsters
  3394 | D:5      | Reached skill level 1 in Stealth
  3463 | D:5      | XOM: 2-stop teleportation journey
  3686 | D:5      | XOM: mild Chrm miscast
  3694 | D:5      | XOM: fog
  3705 | D:5      | XOM: harmless Ice miscast
  3708 | D:5      | Killed an ice beast
  3708 | D:5      | Reached skill level 6 in Short Blades
  3910 | D:5      | XOM: harmless Erth miscast
  4043 | D:5      | Noticed Edmund
  4263 | D:5      | XOM: polymorph howler monkey -> boggart
  4264 | D:5      | Reached XP level 7. HP: 45/52 MP: 7/7
  4340 | D:5      | XOM: silly message
  5137 | D:6      | XOM is BORED!
  5137 | D:6      | XOM: summons 3 hostile demons
  5138 | D:6      | Noticed a red devil
  5329 | D:6      | XOM: swap monsters
  5333 | D:6      | XOM: chaos upgrade
  5333 | D:6      | XOM: butterfly on damage
  5354 | D:6      | XOM: harmless Fire miscast
  5361 | D:6      | XOM: noise
  5391 | D:6      | XOM: swap monsters
  5403 | D:7      | Noticed Prince Ribbit
  5417 | D:7      | Noticed a hippogriff
  5574 | D:7      | XOM: summons 4 hostile shadow creatures
  5613 | D:7      | XOM: enchant monster (good)
  5653 | D:6      | XOM: harmless Tloc miscast
  5953 | D:6      | XOM: confuse monster(s)
  5965 | D:6      | XOM: harmless Chrm miscast
  5969 | D:6      | XOM: fog
  5977 | D:6      | XOM: scenery: create altars
  5985 | D:6      | Reached skill level 5 in Stealth
  5985 | D:6      | Reached XP level 8. HP: 37/60 MP: 8/8
  6098 | D:6      | Upgraded the game from 0.22-a0-351-g29664b4 to 0.22-a0-352-gc608dd7
  6326 | D:7      | Found a glowing silver altar of Zin.
  6414 | D:7      | Found a shimmering altar of Xom.
  6414 | D:7      | XOM: 5-stop teleportation journey
  6449 | D:7      | XOM: scenery: create altars
  6476 | D:7      | Found a snail-covered altar of Cheibriados.
  6484 | D:7      | XOM: confuse monster(s)
  6702 | D:7      | XOM: confuse monster(s)
  6710 | D:7      | Killed Prince Ribbit
  6738 | D:7      | XOM: enchant monster (bad)
  6748 | D:7      | XOM: fake destruction
  6758 | D:7      | Reached skill level 5 in Fighting
  6867 | D:7      | Learned a level 2 spell: Blink
  6984 | D:7      | Killed from afar by an orc priest
